 Dungeon Crawl Stone Soup version 0.20-a0-828-gbdc6353 (webtiles) character file.

2105 Aksej the Slicer (level 9, -6/46 HPs)
             Began as a Spriggan Monk on Mar 6, 2017.
             Was a Believer of Wu Jian.
             Mangled by mora's ghost (20 damage)
             ... on level 7 of the Dungeon.
             The game lasted 00:19:11 (9181 turns).

Aksej the Slicer (Spriggan Monk)                    Turns: 9181, Time: 00:19:11

Health: -6/46      AC:  6    Str: 12    XL:     9   Next: 7%
Magic:  10/10      EV: 30    Int: 12    God:    Wu Jian [**....]
Gold:   67         SH:  0    Dex: 26    Spells: 8/8 levels left

rFire    + . .     SeeInvis +   a - +0 short sword
rCold    . . .     Gourm    .   b - +0 robe
rNeg     . . .     Faith    .   (shield restricted)
rPois    .         Spirit   .   (helmet restricted)
rElec    .         Reflect  .   n - +2 cloak
rCorr    .         Harm     .   (gloves unavailable)
MR       +....                  (boots unavailable)
Stlth    +++++.....             (no amulet)
Regen    0.2/turn               (no ring)
MPRegen  0.2/turn               (no ring)

@: mighty, agile, very slightly contaminated, hasted, drained, very quick
A: unfitting armour, rugged brown scales 1, see invisible, fire resistance 1,
herbivore 3, speed 3, slow metabolism 2, evolution 1
a: Renounce Religion


You were on level 7 of the Dungeon.
You worshipped Wu Jian.
Wu Jian was pleased with you.
You were full.

You visited 2 branches of the dungeon, and saw 8 of its levels.

You collected 340 gold pieces.
You spent 273 gold pieces at shops.

Inventory:

Hand Weapons
 a - a +0 short sword (weapon)
Armour
 b - a +0 robe (worn)
 n - a +2 cloak (worn)
Wands
 k - a wand of lightning (0/15)
 m - a wand of digging (20/24)
 o - a wand of flame (22/48)
 t - a wand of polymorph (11/24)
Scrolls
 e - 3 scrolls of fog
 f - 3 scrolls of remove curse
 s - a scroll of amnesia
 u - a scroll of teleportation
Potions
 d - a potion of haste
 h - 2 potions of invisibility
 i - a potion of agility
 j - 2 potions of lignification
 p - a potion of flight
 q - a potion of curing
 v - 2 potions of brilliance
Comestibles
 c - 2 bread rations
 g - 5 royal jellies


   Skills:
 + Level 4.2(4.0) Fighting
 * Level 10.6(10.4) Short Blades
 + Level 7.2(7.0) Dodging
 + Level 8.0(7.8) Stealth
 + Level 0.3(0.1) Evocations


You had 8 spell levels left.
You didn't know any spells.

Dungeon Overview and Level Annotations

Branches:
Dungeon (7/15)             Temple (1/1) D:6

Altars:
Ashenzari
Cheibriados
Dithmenos
Elyvilon
Fedhas
Gozag
Hepliaklqana
Kikubaaqudgha
Nemelex Xobeh
Okawaru
Qazlal
Ru
Sif Muna
Trog
Uskayaw
Wu Jian
Xom
Yredelemnul
Zin
The Shining One

Shops:
D:6 (}!!(

Annotations:
D:7 mora's ghost, novice TrMo


Innate Abilities, Weirdness & Mutations

You are very small and have problems with some larger weapons.
You are too small for most types of armour.
You have supernaturally acute eyesight. (SInv)
You are a herbivore.
You cover ground extremely quickly.
You need consume almost no food.
You are partially covered in rugged brown scales. (AC +1, +3% HP)
Your flesh is heat resistant. (rF+)
You evolve.


Message History

You puncture mora's ghost!
Mora's ghost is heavily damaged.
You hit mora's ghost.
Mora's ghost is heavily damaged.
You puncture mora's ghost!
Mora's ghost is severely damaged.
Mora's ghost hits you!!
* * * LOW HITPOINT WARNING * * *
You puncture mora's ghost!
Mora's ghost is severely damaged.
You closely miss mora's ghost.
Mora's ghost is severely damaged.
Mora's ghost wails, "You must not succeed where I failed!"
Mora's ghost completely misses you.
You puncture mora's ghost!
Mora's ghost is almost destroyed.
You barely miss mora's ghost.
Mora's ghost is almost destroyed.
Mora's ghost hits you!!
You die...

).##......#......####............
............####....(..##########
..####...........####### #
.......#.#######.# ## .#######.#
#.# #. .# #.# #.# #. .# #.# #.#
#. .# #.# #####.#### #. .# #.#
#...W@...# #. %.......##.# #(
....######.############. ###
#.............. ###############


You could see mora's ghost.

Vanquished Creatures
  A hog (D:7)
  Menkaure (D:7)
  An ice beast (D:6)
  A sky beast (D:5)
  An orc warrior (D:6)
  4 ogres
  A centaur (D:6)
  Blork the orc (D:6)
  2 scorpions (D:7)
  2 wights (D:7)
  A howler monkey (D:5)
  2 crimson imps (D:6)
  A quasit (D:6)
  2 orc priests
  A jelly (D:6)
  A bullfrog skeleton (D:7)
  4 orc wizards
  2 hounds
  3 centaur skeletons (D:7)
  An iguana (D:5)
  5 worker ants
  A hound skeleton (D:5)
  10 adders
  4 gnolls (D:5)
  A shadow imp (D:7)
  2 adder skeletons (D:7)
  3 dart slugs
  7 leopard geckos
  13 orcs
  6 bats
  5 giant cockroaches
  9 goblins
  3 hobgoblins
  8 jackals
  3 quokkas
  4 ball pythons
  5 kobolds
  2 leopard gecko skeletons
  10 rats
134 creatures vanquished.

Notes
Turn   | Place    | Note
-------+----------+-------------------------------------------
     0 | D:1      | Aksej the Spriggan Monk began the quest for the Orb.
     0 | D:1      | Reached XP level 1. HP: 11/11 MP: 2/2
   160 | D:1      | Reached XP level 2. HP: 6/16 MP: 3/3
   930 | D:2      | Reached XP level 3. HP: 19/19 MP: 4/4
   999 | D:2      | Reached skill level 4 in Short Blades
  1079 | D:2      | Found an opulent altar of Gozag.
  1634 | D:3      | Found a glowing golden altar of the Shining One.
  1727 | D:3      | Reached XP level 4. HP: 15/23 MP: 5/5
  1940 | D:3      | Found a sparkling altar of Nemelex Xobeh.
  2546 | D:3      | Reached skill level 5 in Short Blades
  2915 | D:4      | Reached XP level 5. HP: 9/28 MP: 6/6
  3154 | D:4      | Found an iron altar of Okawaru.
  3182 | D:4      | Noticed an ogre
  3269 | D:4      | Found a shattered altar of Ashenzari.
  3534 | D:4      | Found a basalt altar of Yredelemnul.
  3608 | D:4      | Found a sparkling altar of Nemelex Xobeh.
  3759 | D:4      | Reached skill level 5 in Dodging
  3762 | D:4      | Found an iron altar of Okawaru.
  3806 | D:4      | Killed an ogre
  3806 | D:4      | Reached skill level 6 in Short Blades
  3806 | D:4      | Reached XP level 6. HP: 28/32 MP: 7/7
  3939 | D:5      | Entered Level 5 of the Dungeon
  4274 | D:5      | Noticed a sky beast
  4308 | D:5      | Killed a sky beast
  4565 | D:5      | Reached skill level 7 in Short Blades
  4681 | D:5      | Reached skill level 5 in Stealth
  4681 | D:5      | Reached XP level 7. HP: 19/36 MP: 8/8
  5616 | D:6      | Found Nocakkas's Weapon Boutique.
  5669 | D:6      | Found Mawexex's Gadget Shop.
  5703 | D:6      | Found Wuegoung's Distillery.
  5709 | D:6      | Reached skill level 8 in Short Blades
  5725 | D:6      | Bought a potion of mutation for 120 gold pieces
  5725 | D:6      | Bought a potion of curing for 45 gold pieces
  5725 | D:6      | Bought a potion of might for 60 gold pieces
  5725 | D:6      | Gained mutation: You evolve. [potion of mutation]
  5725 | D:6      | Gained mutation: You are partially covered in rugged brown scales. (AC +1, +3% HP) [potion of mutation]
  5725 | D:6      | Gained mutation: Your flesh is heat resistant. (rF+) [potion of mutation]
  5796 | D:6      | Found a snail-covered altar of Cheibriados.
  5824 | D:6      | Reached XP level 8. HP: 40/41 MP: 9/9
  5856 | D:6      | Found Kutou's Weapon Emporium.
  6025 | D:6      | Found a staircase to the Ecumenical Temple.
  6036 | Temple   | Entered the Ecumenical Temple
  6373 | D:6      | Reached skill level 9 in Short Blades
  6404 | D:6      | Noticed Blork the orc
  6423 | D:6      | Killed Blork the orc
  6601 | D:6      | Found Bouppoci's Distillery.
  6604 | D:6      | Bought a potion of might for 48 gold pieces
  6972 | D:6      | Found an ornate altar of the Wu Jian Council.
  6975 | D:6      | Became a worshipper of the Wu Jian Council
  6975 | D:6      | Reached * piety under Wu Jian
  6975 | D:6      | Reached ** piety under Wu Jian
  7032 | D:6      | Found a deep blue altar of Sif Muna.
  7275 | D:7      | Noticed mora's ghost (novice TrMo)
  7608 | D:7      | Noticed Menkaure
  7642 | D:7      | Killed Menkaure
  7642 | D:7      | Reached skill level 10 in Short Blades
  8480 | D:7      | Reached XP level 9. HP: 29/46 MP: 10/10
  9181 | D:7      | Mangled by mora's ghost

Vault maps used:
D:1:      lemuel_arrival_hallway
D:2:      nicolae_overflow_crystal_walls
D:3:      overflow_temple_1_default, nemelex_lonely_heart_becter
D:4:      nemelex_altar_shiori, lemuel_round_altar, evilmike_ruin_ashenzari,
          lemuel_doored_altar, okawaru_gym_becter
D:5:      first_bread
D:6:      lemuel_blue_sif_altar, kennysheep_mini_moat, marbit_many_paths,
          minmay_temple_entry_glassed_door, serial_shops,
          nicolae_shop_temple_entry_statues_fountains, nicolae_shop_crystal,
          shop, kennysheep_mini, shop, uniq_blork_the_orc
D:7:      grunt_livestock, uniq_menkaure
Temple:   jpeg_temple_clearing

Skill      XL: |  1  2  3  4  5  6  7  8 |
---------------+-------------------------+-----
Short Blades   | 4 5 6 7 8 10 | 10.6
Stealth        | 4 5 8 |  8.0
Fighting       | 3 4 |  4.2
Dodging        | 5 6 7 |  7.2
Evocations     | |  0.3

Action                   |  1- 3 |  4- 6 |  7- 9 || total
-------------------------+-------+-------+-------++-------
Melee: Short sword       |   137 |   329 |   506 ||   972
Evoke: Wand              |       |       |     4 ||     4
  Use: Scroll            |     6 |     6 |     4 ||    16
       Potion            |       |     6 |     8 ||    14
 Stab: Sleeping          |    13 |    12 |    12 ||    37
       Distracted        |       |     1 |     2 ||     3
       Invisible         |       |       |     1 ||     1
  Eat: Bread ration      |       |     1 |     1 ||     2
Armor: Robe              |    11 |    25 |    20 ||    56
Dodge: Dodged            |   105 |   223 |   248 ||   576
